 Dungeon Crawl Stone Soup version 0.13.2 (webtiles) character file.

157 sanboga the Covered (level 4, -1/39 HPs)
             Began as a Minotaur Fighter on Feb 14, 2017.
             Slain by Eustachio
             ... wielding a +2,+1 sabre
              (2 damage)
             ... on Level 4 of the Dungeon.
             The game lasted 00:08:43 (1654 turns).

sanboga the Covered (Minotaur Fighter)              Turns: 1654, Time: 00:08:43

HP  -1/39        AC 10     Str 20      XL: 4   Next: 10%
MP   1/1         EV  5     Int  5      God:
Gold 83          SH 19     Dex 11      Spells:  0 memorised,  3 levels left

Res.Fire  : . . .   See Invis. : .   (no weapon)
Res.Cold  : . . .   Warding    : .   t - +0 chain mail
Life Prot.: . . .   Conserve   : +   c - +0 shield
Res.Poison: .       Res.Corr.  : .   (helmet restricted)
Res.Elec. : .       Clarity    : .   (no cloak)
Sust.Abil.: . .     Spirit.Shd : .   (no gloves)
Res.Mut.  : .       Stasis     : .   p - +0 pair of boots
Res.Rott. : .       Flight     : .   b - amulet of conservation
Saprovore : . . .                    (no ring)
                                     (no ring)

@: slightly resistant to hostile enchantments, extremely unstealthy
A: retaliatory headbutt, horns 2
a: no special abilities


You were on level 4 of the Dungeon.
You were not hungry.

You visited 1 branch of the dungeon, and saw 4 of its levels.

You collected 63 gold pieces.

Inventory:

Hand weapons
 a - a +0,+0 hand axe {=f}
 o - a +0,+1 spear (quivered)
 s - a +1,+0 short sword
Armour
 c - a +0 shield (worn)
 p - a +0 pair of boots (worn)
 t - a +0 chain mail (worn)
Comestibles
 d - 3 bread rations
 h - 2 meat rations
Scrolls
 k - a scroll of identify
 l - 3 scrolls of remove curse
 m - 2 scrolls of magic mapping {unknown}
 q - a scroll of recharging {unknown}
 r - a scroll of enchant weapon I {unknown}
Jewellery
 b - an amulet of conservation (around neck)
Potions
 e - a potion of magic
 f - a potion of slowing {unknown}
 j - a potion of speed {unknown}
 n - a potion of might {unknown}


   Skills:
 + Level 3.8 Fighting
 + Level 2.6 Axes
 + Level 1.0 Throwing
 + Level 4.6 Armour
 + Level 0.9 Dodging
 + Level 0.5 Stealth
 + Level 4.3 Shields


You had 3 spell levels left.
You didn't know any spells.

Dungeon Overview and Level Annotations

Branches:
Dungeon (4/27)
 Temple: D:4-7

Altars:

Annotations:
D:4 Eustachio


Innate Abilities, Weirdness & Mutations

You reflexively headbutt those who attack you in melee.
You have a pair of horns on your head.


Message History

You block the lemure's attack.
You closely miss Eustachio. Your headbutt misses Eustachio.
Eustachio is lightly wounded.
The ufetubus hits you.
* * * LOW HITPOINT WARNING * * *
You block the ufetubus' attack. You block Eustachio's attack.
The ufetubus hits you but does no damage.
You block the ufetubus' attack. The lemure barely misses you.
The lemure hits you but does no damage. You block the lemure's attack.
The green rat barely misses you. The rat barely misses you.
You miss Eustachio. You headbutt Eustachio.
Eustachio is moderately wounded.
The grey rat twitches its whiskers.
The ufetubus hits you.
* * * LOW HITPOINT WARNING * * *
You block the ufetubus' attack. You block the lemure's attack.
The lemure hits you.
* * * LOW HITPOINT WARNING * * *
The lemure hits you but does no damage. Eustachio hits you with a sabre.
You die...

......#
.........#
#....^....#
#.........#
#.........#
#.........#
#.....r...#
#....r5@<.#
#....5@.?.#
#......r..#
#.........#
#.........#
#.........#
#.........#
#.........#
.........#
......


You could see Eustachio, a green rat, a lemure, an ufetubus, a grey rat and a
rat.

Vanquished Creatures
  Terence (D:2)
  2 adders (D:2)
  A worm (D:2)
  3 goblins
  A grey rat (D:4)
  4 hobgoblins
  2 jackals (D:2)
  2 quokkas (D:2)
  6 bats
  6 giant cockroaches
  8 kobolds
  5 rats
41 creatures vanquished.

Notes
Turn   | Place    | Note
--------------------------------------------------------------
     0 | D:1      | sanboga, the Minotaur Fighter, began the quest for the Orb.
     0 | D:1      | Reached XP level 1. HP: 19/19 MP: 0/0
   274 | D:1      | Reached skill level 4 in Armour
   529 | D:1      | Reached XP level 2. HP: 26/26 MP: 0/0
   969 | D:2      | Reached XP level 3. HP: 29/33 MP: 1/1
  1046 | D:2      | Noticed Terence
  1057 | D:2      | Killed Terence
  1206 | D:2      | Reached XP level 4. HP: 28/39 MP: 1/1
  1605 | D:2      | Reached skill level 1 in Throwing
  1634 | D:4      | Noticed Eustachio
  1654 | D:4      | HP: 1/39 [lemure[Eustachio] (2)]
  1654 | D:4      | Slain by Eustachio

Action                   |  1- 3 |  4- 6 || total
-------------------------+-------+-------++-------
Melee: Hand axe          |   103 |    12 ||   115
       Unarmed           |       |    34 ||    34
Throw: Spear             |     3 |     1 ||     4
  Use: Scroll            |     2 |     3 ||     5
